Map: Acid Plant LE

Players

Rogue - Winner!

  • Race: Zerg Zerg
  • Spawn Location: 11:00

Classic

  • Race: Protoss Protoss
  • Spawn Location: 5:00

Event: 2018 WCS Global Finals

VOD

Have the link to the VOD?

Description

Time

  • Played on: Oct. 27, 2018, 4:27 p.m.
  • Length: 11:15

All games in this series

Show
View Real Time Build Order
Export as new Build Order

Rogue Zerg - Winner!

Build Orders: Hatch First, Swarm Host 

Get SALT Encoding   

  12  0:00  Drone  
  13  0:12  Overlord  
  13  0:17  Drone  
  14  0:32  Drone x2  
  16  0:48  Hatchery  
  15  0:51  Drone  
  15  0:55  Drone  
  17  0:58  Drone  
  18  1:09  Extractor  
  17  1:14  Spawning Pool  
  17  1:17  Drone  
  17  1:20  Drone  
  18  1:28  Drone  
  19  1:41  Drone  
  20  1:50  Hatchery  
  20  1:51  Drone  
  20  2:00  Queen  
  22  2:03  Drone  
  22  2:07  Drone  
  24  2:14  Drone x2  
  26  2:19  Metabolic Boost  
  26  2:24  Overlord  
  26  2:29  Zergling x2  
  27  2:32  Zergling x2  
  28  2:42  Zergling x2  
  28  2:43  Queen  
  31  2:45  Drone x2  
  33  2:52  Queen  
  33  2:55  Drone  
  36  3:02  Queen  
  36  3:04  Overlord  
  38  3:09  Drone x2  
  40  3:15  Drone x2  
  40  3:19  Overlord  
  42  3:26  Drone x4  
  46  3:30  Queen  
  48  3:38  Overlord  
  48  3:40  Drone x2  
  50  3:47  Drone, Spore Crawler  
  50  3:56  Lair  
  50  4:00  Drone x4, Spore Crawler  
  50  4:02  Drone x3  
  56  4:05  Zergling x4  
  56  4:08  Overlord  
  58  4:15  Extractor x2  
  56  4:18  Drone x2  
  56  4:20  Overlord x2  
  58  4:29  Roach Warren  
  58  4:30  Drone x3  
  58  4:31  Drone x2  
  62  4:38  Zergling x4  
  62  4:40  Overlord  
  62  4:43  Zergling x2  
  62  4:44  Zergling x6  
  68  4:47  Overlord  
  68  4:52  Zergling x6  
  67  5:02  Nydus Network  
  66  5:08  Overlord  
  65  5:15  Roach x6  
  65  5:20  Overlord  
  76  5:27  Roach  
  78  5:30  Roach x2  
  76  5:42  Nydus Canal  
  76  5:44  Roach  
  76  5:45  Roach x2  
  76  5:46  Queen x2, Roach  
  76  5:48  Roach  
  88  5:51  Roach  
  88  5:53  Roach  
  88  5:55  Zergling x6  
  88  5:56  Zergling x2  
  95  5:58  Roach  
  95  6:03  Roach  
  99  6:06  Roach  
  99  6:08  Queen  
  93  6:14  Roach x2  
  94  6:21  Roach x2  
  94  6:22  Roach  
  91  6:26  Roach  
  91  6:29  Queen  
  91  6:30  Queen  
  91  6:31  Roach  
  92  6:38  Roach x2  
  89  6:41  Drone  
  89  6:44  Extractor x2  
  89  6:45  Evolution Chamber, Drone  
  76  6:47  Drone  
  76  6:53  Drone  
  70  6:54  Drone  
  70  7:00  Drone  
  72  7:03  Nydus Canal  
  72  7:04  Glial Reconstitution  
  72  7:06  Drone x3  
  72  7:07  Drone x3  
  78  7:10  Drone  
  78  7:11  Drone  
  78  7:12  Zerg Missile Weapons Level 1  
  81  7:15  Drone  
  81  7:16  Extractor  
  81  7:21  Drone x2  
  82  7:25  Overlord  
  82  7:29  Infestation Pit  
  81  7:33  Drone x2  
  81  7:38  Roach  
  81  7:43  Roach x5  
  81  7:44  Roach x3  
  97  7:48  Overseer  
  101  7:51  Roach x3  
  101  7:56  Roach x2  
  105  7:59  Zergling x4  
  107  8:06  Overlord  
  107  8:08  Overlord  
  107  8:10  Drone x2  
  109  8:16  Overlord x3  
  109  8:20  Zergling x8  
  111  8:31  Zergling x4  
  110  8:36  Zergling x2  
  110  8:37  Zergling x6  
  114  8:50  Swarm Host x8  
  114  8:52  Swarm Host  
  141  8:56  Swarm Host  
  144  9:03  Swarm Host x2  
  144  9:06  Overlord  
  144  9:09  Overlord  
  150  9:11  Drone  
  147  9:17  Roach  
  147  9:18  Roach x2  
  147  9:20  Overlord  
  147  9:23  Zergling x8  
  147  9:24  Zergling x2  
  154  9:26  Overlord  
  154  9:28  Zergling x2  
  145  9:37  Roach x2  
  145  9:38  Ravager x4, Roach x2  
  152  9:39  Ravager x2  
  158  9:52  Roach  
  158  9:53  Roach x4  
  166  10:00  Hatchery  
  166  10:01  Ravager x2  
  166  10:02  Ravager x2  
  169  10:09  Roach x5  
  169  10:13  Overlord x2  
  179  10:17  Roach  
  179  10:18  Roach  
  183  10:25  Overlord  
  183  10:34  Roach  
  173  10:36  Roach x5  
  173  10:38  Roach  
  173  10:39  Roach x3  
  173  10:42  Roach  
  156  10:43  Zergling x2  
  156  10:44  Zergling x2  
  156  10:45  Zergling x2  
  156  10:47  Zergling x2  
  156  10:48  Zergling x2  
  156  10:50  Zergling x4  
  156  10:54  Zergling x2  
  156  10:55  Roach  
Show
View Real Time Build Order
Export as new Build Order

Classic Protoss 

Build Orders: 1 Gate Expand, Oracle Opening, Phoenix Opening, Archon Immortal, Zealot Archon 

Get SALT Encoding   

  12  0:00  Probe  
  13  0:12  Probe  
  14  0:17  Pylon  
  14  0:24  Probe  
  15  0:30  Assimilator  
  15  0:32  Probe  
  15  0:40  Probe  
  16  0:46  Gateway  
  17  0:50  Probe  
  18  1:03  Probe  
  19  1:15  Probe  
  20  1:23  Nexus  
  20  1:33  Cybernetics Core  
  20  1:36  Probe  
  21  1:41  Assimilator  
  21  1:48  Probe  
  21  1:52  Pylon  
  22  2:01  Adept, Probe  
  23  2:12  Stargate  
  23  2:15  Probe  
  26  2:18  Warp Gate  
  26  2:26  Probe  
  26  2:27  Adept  
  29  2:31  Probe  
  29  2:34  Probe  
  30  2:39  Probe  
  30  2:42  Probe  
  32  2:49  Probe  
  32  2:51  Phoenix  
  33  2:53  Probe  
  37  3:04  Probe  
  38  3:06  Probe  
  38  3:07  Pylon  
  38  3:11  Oracle  
  39  3:17  Probe  
  39  3:18  Probe  
  44  3:24  Gateway  
  44  3:29  Probe  
  44  3:30  Probe  
  44  3:32  Assimilator  
  46  3:36  Assimilator  
  46  3:40  Adept  
  46  3:41  Probe  
  49  3:42  Probe  
  49  3:47  Pylon  
  50  3:53  Probe  
  50  3:54  Probe  
  52  3:56  Robotics Facility  
  52  4:00  Twilight Council  
  52  4:05  Probe  
  52  4:06  Probe  
  54  4:16  Pylon  
  54  4:17  Probe  
  54  4:18  Probe  
  54  4:22  Adept, Zealot  
  60  4:31  Gateway  
  60  4:32  Gateway  
  60  4:39  Warp Prism  
  60  4:41  Charge  
  60  4:42  Templar Archives  
  60  5:01  Zealot x2  
  60  5:04  Pylon  
  64  5:20  Nexus  
  64  5:21  Pylon  
  64  5:25  Probe x2  
  63  5:30  Zealot x2  
  66  5:37  Immortal  
  66  5:39  Zealot x2  
  66  5:41  Probe x2  
  74  5:51  High Templar x2  
  74  5:54  Shield Battery  
  74  5:55  Shield Battery, Archon  
  74  5:57  Pylon  
  78  6:01  Stalker  
  78  6:02  Stalker  
  77  6:04  Immortal  
  77  6:10  Probe x2  
  61  6:24  Zealot x4  
  60  6:34  Immortal  
  58  6:45  Probe x2  
  60  6:47  Zealot x2  
  58  7:03  Probe x2  
  58  7:07  Immortal, Sentry  
  62  7:12  High Templar x2  
  70  7:19  High Templar  
  71  7:31  Zealot  
  71  7:33  Probe x2  
  75  7:38  Nexus  
  75  7:43  Probe x2  
  74  7:45  High Templar  
  74  7:50  Immortal  
  82  7:53  Probe x2  
  84  8:03  Sentry x2  
  84  8:04  Sentry  
  84  8:05  Gateway  
  90  8:10  Gateway  
  90  8:14  Archon x2  
  90  8:17  Gateway  
  90  8:18  Pylon  
  90  8:30  Immortal  
  94  8:41  High Templar x2, Zealot x2  
  96  8:44  Gateway  
  102  8:54  Archon  
  102  9:02  High Templar x2  
  104  9:07  Archon, Pylon  
  106  9:10  Zealot x2  
  110  9:17  Zealot x3  
  103  9:39  Probe x3  
  103  9:41  High Templar x2  
  103  9:42  Zealot x4  
  118  9:46  Zealot, Archon  
  120  10:01  Zealot  
  122  10:14  Pylon  
  122  10:15  Pylon  
  122  10:22  Zealot  
  122  10:28  Zealot  
  94  10:43  Zealot x5  
  94  10:44  Zealot x2  
  82  10:54  Zealot  
Tags
 
Add a new tag
Caveats
  • Supply blocks, unpowered buildings, or Contaminate may cause inaccurate times.
  • Supply counts are checked every 10 seconds.